Map: Dusk Towers

Players

blackxored

  • Race: Zerg Zerg
  • League: Platinum

Forsaken - Winner!

  • Race: Terran Terran
  • League: Gold

VOD

Have the link to the VOD?

Description

Time

  • Played on: June 26, 2016, 5:04 p.m.
  • Length: 12:14
Show
View Real Time Build Order
Export as new Build Order

blackxored Zerg 

Build Orders: Hatch First 

Get SALT Encoding   

  12  0:01  Drone  
  13  0:09  Drone  
  14  0:17  Overlord  
  14  0:23  Extractor  
  14  0:36  Drone x2  
  16  0:44  Drone  
  17  0:55  Drone  
  18  0:57  Hatchery  
  17  1:06  Drone  
  18  1:11  Extractor  
  17  1:20  Drone, Spawning Pool  
  17  1:27  Drone  
  18  1:38  Drone  
  19  1:49  Overlord  
  19  2:01  Drone  
  20  2:08  Queen  
  20  2:11  Zergling x4  
  20  2:12  Queen  
  26  2:21  Zergling x2  
  27  2:23  Metabolic Boost  
  27  2:24  Drone  
  28  2:43  Drone  
  29  2:45  Roach Warren  
  28  3:02  Queen x2  
  32  3:07  Hatchery  
  32  3:12  Drone  
  32  3:14  Zergling x4  
  33  3:45  Queen  
  35  3:54  Overlord  
  35  3:55  Overlord x2  
  35  4:12  Queen  
  37  4:17  Overlord x3  
  37  4:20  Roach x3  
  37  4:23  Drone  
  35  4:55  Drone x2  
  35  4:57  Drone x2  
  39  5:13  Drone x5  
  44  5:15  Drone  
  43  5:32  Spore Crawler  
  43  5:34  Ravager x3  
  44  5:53  Drone x8  
  52  6:01  Spore Crawler  
  46  6:15  Drone x7  
  53  6:20  Drone x2  
  55  6:31  Lair  
  54  6:33  Drone x3  
  54  6:34  Drone x2  
  54  6:36  Drone  
  54  6:38  Drone  
  54  6:39  Drone  
  62  6:46  Drone x3  
  65  6:51  Extractor  
  65  6:53  Evolution Chamber x2  
  62  6:56  Drone  
  62  6:57  Drone x2  
  62  6:58  Drone  
  62  6:59  Baneling Nest  
  65  7:06  Drone  
  66  7:11  Zergling x4  
  66  7:12  Zergling x2  
  66  7:13  Zergling x2  
  66  7:14  Zergling x2  
  71  7:19  Queen  
  73  7:25  Zerg Melee Weapons Level 1, Zerg Ground Armor Level 1  
  73  7:29  Extractor, Drone x2  
  74  7:30  Extractor  
  74  7:31  Drone x4  
  74  7:32  Drone, Hatchery  
  74  7:34  Drone  
  78  7:39  Overlord  
  78  7:47  Zergling x8  
  78  7:51  Baneling x5  
  82  7:54  Overlord x3  
  82  8:14  Extractor, Drone x2  
  82  8:15  Extractor  
  82  8:16  Zergling x12  
  82  8:17  Zergling x12  
  93  8:23  Drone  
  93  8:25  Hatchery  
  93  8:30  Centrifical Hooks  
  93  8:37  Drone x2  
  93  8:38  Drone x4  
  99  8:48  Zergling x2  
  99  8:49  Zergling x18  
  99  8:53  Baneling x5  
  99  8:54  Baneling x6  
  109  9:05  Queen  
  111  9:10  Spire, Drone  
  111  9:15  Drone x9  
  120  9:20  Overlord x2  
  120  9:21  Overlord x2  
  120  9:22  Zerg Melee Weapons Level 2  
  119  9:41  Queen  
  119  9:45  Zergling x38  
  133  9:49  Zerg Ground Armor Level 2  
  140  10:04  Drone  
  140  10:05  Drone x8  
  140  10:06  Spore Crawler  
  148  10:09  Extractor  
  148  10:10  Extractor  
  146  10:27  Zergling x6  
  146  10:28  Zergling x32  
  140  10:37  Zergling x2  
  140  10:38  Zergling x8  
  141  10:43  Zergling x10  
  141  10:46  Zergling x2  
  144  10:51  Drone  
  129  11:04  Zergling x16  
  129  11:06  Baneling  
  129  11:07  Baneling x13  
  104  11:22  Zergling x2  
  104  11:23  Zergling x12  
  111  11:28  Queen  
  111  11:31  Zergling x8  
  117  11:41  Zergling x10  
  122  11:48  Zergling x10  
Show
View Real Time Build Order
Export as new Build Order

Forsaken Terran - Winner!

Build Orders: 1/1/1, Liberator Opening, MMM Bio 

Get SALT Encoding   

  12  0:01  SCV  
  13  0:13  SCV  
  14  0:18  Supply Depot  
  14  0:25  SCV  
  15  0:40  SCV  
  15  0:42  Barracks  
  16  0:51  Refinery  
  16  0:52  SCV  
  16  0:56  Refinery  
  17  1:04  SCV  
  17  1:07  Supply Depot  
  18  1:16  SCV  
  19  1:28  Orbital Command  
  19  1:38  Factory  
  19  1:46  Reaper  
  20  1:53  SCV  
  21  2:00  Supply Depot  
  21  2:06  SCV  
  22  2:18  Reaper, SCV  
  24  2:24  Hellion  
  24  2:28  Starport  
  26  2:30  SCV  
  27  2:42  Supply Depot, SCV  
  28  2:54  SCV, Liberator  
  29  3:11  Command Center  
  32  3:16  Factory Tech Lab  
  32  3:19  Barracks Reactor  
  30  3:39  SCV  
  31  3:43  Siege Tank  
  34  3:51  Liberator, SCV  
  35  3:57  Barracks  
  35  4:03  SCV  
  35  4:05  Barracks  
  39  4:11  Refinery  
  39  4:12  Refinery  
  39  4:15  SCV  
  40  4:22  Siege Tank  
  43  4:27  SCV  
  43  4:31  Marine x2  
  44  4:34  Orbital Command  
  46  4:40  SCV  
  47  4:52  SCV  
  45  5:04  Starport Reactor, SCV  
  45  5:05  SCV  
  45  5:06  Barracks Tech Lab  
  45  5:07  Barracks Tech Lab  
  47  5:15  Engineering Bay  
  47  5:16  Siege Tank, SCV  
  47  5:17  Engineering Bay, SCV  
  52  5:28  SCV  
  53  5:29  SCV  
  53  5:30  Liberator, Combat Shields  
  53  5:31  Stimpack  
  54  5:35  Liberator  
  54  5:40  Supply Depot, SCV  
  54  5:41  SCV  
  56  5:43  Supply Depot  
  62  5:59  Terran Infantry Weapons Level 1  
  62  6:00  Terran Infantry Armor Level 1  
  59  6:31  Command Center  
  59  6:50  Siege Tank  
  59  6:51  Marine x4  
  59  6:52  SCV  
  59  6:53  SCV  
  68  7:03  Armory  
  68  7:04  SCV  
  68  7:05  SCV  
  70  7:09  Marine  
  70  7:10  Barracks x4  
  70  7:14  Barracks x2  
  71  7:17  SCV  
  71  7:20  SCV  
  73  7:29  Supply Depot, Medivac, SCV  
  76  7:32  Supply Depot, Medivac  
  78  7:43  SCV  
  79  7:45  Marine x3  
  79  7:46  Marine  
  83  7:55  Supply Depot, Concussive Shells  
  83  7:59  Orbital Command  
  83  8:00  SCV  
  83  8:01  SCV  
  83  8:03  Marine  
  83  8:05  Terran Infantry Armor Level 2, Terran Infantry Weapons Level 2  
  86  8:12  SCV  
  86  8:13  SCV  
  86  8:15  Refinery  
  86  8:17  Refinery  
  88  8:20  Barracks Reactor x6  
  88  8:21  Marine x3  
  88  8:23  Medivac  
  88  8:25  SCV x2  
  88  8:26  Siege Tank  
  97  8:35  Supply Depot  
  97  8:37  SCV x3  
  97  8:38  Supply Depot  
  100  8:46  Marine  
  100  8:47  Marine x2  
  75  8:48  Medivac  
  103  8:53  Medivac  
  107  8:58  Siege Tank  
  107  9:02  Supply Depot  
  109  9:11  Marine x6  
  109  9:12  Marine x6  
  121  9:18  Marine x4  
  125  9:25  Supply Depot, SCV x2  
  125  9:26  SCV  
  125  9:27  Supply Depot x2  
  125  9:28  Supply Depot  
  125  9:30  Siege Tank  
  131  9:35  Marine  
  131  9:36  Marine x5  
  131  9:37  SCV  
  131  9:38  SCV x2  
  140  9:47  Marine x4  
  140  9:49  SCV  
  140  9:50  SCV  
  146  9:56  Supply Depot  
  146  9:57  Supply Depot  
  146  9:59  Supply Depot x2  
  146  10:16  Marine x12  
  146  10:17  Marine x4  
  161  10:33  Marine  
  161  10:34  Marine x15  
  168  10:51  Marine  
  168  10:52  Marine x5  
  167  10:57  Command Center  
  167  11:00  Marine  
  167  11:01  Marine x9  
  177  11:09  Marine  
  177  11:10  Marine x4  
  173  11:15  Marine  
  173  11:18  Marine x7  
  158  11:19  Marine x3  
  167  11:27  Marine x4  
  171  11:40  Marine  
  171  11:41  Marine x11  
  171  11:45  Marine x4  
Tags
 
Add a new tag
Caveats
  • Supply blocks, unpowered buildings, or Contaminate may cause inaccurate times.
  • Supply counts are checked every 10 seconds.